Unix NetHack Version 5.0.0-0 post-release - last build May 17 2026 04:57:42 (dc50c8380fa5e20985bfe3072449f57b8d9895ef,branch:main).

Game began 2026-05-20 03:41:33, ended 2026-05-20 03:46:03.

Koku, neutral female gnomish Wizard

                                           --
                                          ...--
                                           -..|
                                           --^|
                                            |.|          ---
                                            |.----    ----...
                                            |@..^--- --....--
                                            ----...--|..--..--
                                               |....||.--....|
                                               |-...--.|.....|
                                               |.......|....-|
                                               ......--|.....|
                                             -........|--....|
                                             .<.......|--...--
                                             .........--....|
                                             ...............-
                                             .|.--..|.---....|
                                              --------- --..--
                                                         ----
Koku the Evoker           St:11 Dx:12 Co:13 In:19 Wi:11 Ch:10  Neutral
Dlvl:3  $:119 HP:0(15) Pw:15(25) AC:9  Xp:2 T:996 

Latest messages:
 Where do you want to travel to?
 (For instructions type a '?')
 You descend the stairs.
 You kill the gecko!
 You see here a gecko corpse.
 There is a gecko corpse here; eat it? [ynq] (n) y
 This gecko corpse is fatty.
 You finish eating the gecko corpse.
 You kill the gecko!
 What do you want to use or apply? [ck-mqt or ?*] t
 Your lamp is now on.
 What do you want to eat? [vw or ?*] w
 This lichen corpse tastes okay.
 You finish eating the lichen corpse.
 You see here a red gem.
 x - a red gem.
 You see here a red gem.
 y - a red gem.
 You fall into a pit!
 You are still in a pit.
 You are still in a pit.
 You crawl to the edge of the pit.
 A board beneath you squeaks an E note loudly.
 The newt bites!
 You hit the newt.
 The jackal bites!
 The newt bites!
 You kill the newt!
 The jackal bites!
 You kill the jackal!
 Really step onto that squeaky board? [yn] (n) y
 A board beneath you squeaks an E note loudly.
 In what direction? 2
 The spell hits the green mold!
 You kill the green mold!
 A board beneath the jackal squeaks an E note loudly.
 You see here a green mold corpse.
 In what direction? 8
 The spell misses the jackal.
 You miss the jackal.
 The jackal bites!
 You kill the jackal!
 There is a green mold corpse here; eat it? [ynq] (n) y
 You have a very bad case of stomach acid.
 You die...
 Do you want your possessions identified? [ynq] (y) y
 Do you want to see your attributes? [ynq] (y) y
 Do you want an account of creatures vanquished? [ynaq] (y) y
 Do you want to see your conduct and achievements? [ynq] (y) y
 Do you want to see the dungeon overview? [ynq] (y) y

Inventory:
 Coins    ('$')
  $ - 119 gold pieces
 Weapons  (')')
  a - a blessed +1 quarterstaff (weapon in hands)
 Armor    ('[')
  b - an uncursed +0 cloak of magic resistance (being worn)
 Comestibles  ('%')
  v - an uncursed lembas wafer
 Scrolls  ('?')
  p - an uncursed scroll of enchant weapon
  j - 2 uncursed scrolls of identify
  i - an uncursed scroll of remove curse
 Spellbooks  ('+')
  k - a blessed spellbook of force bolt
  q - an uncursed spellbook of healing
  l - an uncursed spellbook of protection
 Potions  ('!')
  h - an uncursed potion of paralysis
  f - an uncursed potion of sleeping
 Rings    ('=')
  d - an uncursed +1 ring of adornment (on right hand)
  e - an uncursed ring of fire resistance (on left hand)
 Wands    ('/')
  c - a wand of cancellation (0:8)
 Tools    ('(')
  m - a magic marker (0:22)
  t - an uncursed oil lamp (lit)
 Gems/Stones  ('*')
  x - an uncursed garnet stone
  y - an uncursed worthless piece of red glass

Koku the Wizard's attributes:

Background:
 You were an Evoker, a level 2 female gnomish Wizard.
 You were neutral, on a mission for Thoth
 who was opposed by Ptah (lawful) and Anhur (chaotic).
 You were right-handed.
 You were in the Gnomish Mines, on level 3.
 You entered the dungeon 996 turns ago.
 It was nighttime.
 You had 34 experience points, 6 more were needed to attain level 3.

Basics:
 You had 0 out of 15 hit points.
 You had 15 out of 25 energy points (spell power).
 Your armor class was 9.
 Your wallet contained 119 zorkmids.
 Autopickup was off.

Final Characteristics:
 Your strength was 11 (limit:18/50).
 Your dexterity was 12 (limit:18).
 Your constitution was 13 (limit:18).
 Your intelligence was 19 (limit:19).
 Your wisdom was 11 (limit:18).
 Your charisma was 10 (base:9, limit:18).

Final Status:
 You weren't hungry.
 You were unencumbered.
 You were wielding a quarterstaff.
 You had basic skill with quarterstaff.

Final Attributes:
 You were aligned.
 You were magic-protected.
 You were fire resistant.
 Your items were protected from fire.
 You had infravision.
 You were more charismatic.
 You were warded.
 You are dead.

Miscellaneous:
 You didn't encounter any bones levels.
 Total elapsed playing time was 4 minutes and 29 seconds.

Major events:
 Turn
    1: Koku the neutral female gnomish Wizard entered the dungeon
  918: entered the Gnomish Mines
  996: killed by an acidic corpse

Spells:
 Name                 Level Category     Fail Retention
 force bolt             1   attack         0%  91%-100%
 protection             1   clerical       0%  76%-100%
 healing                1   healing        0%  76%-100%

Skills:
 Fighting Skills
   bare handed combat [Unskilled]
   riding             [Unskilled]
 Weapon Skills
   dagger             [Unskilled]
   knife              [Unskilled]
   axe                [Unskilled]
   short sword        [Unskilled]
   club               [Unskilled]
   mace               [Unskilled]
   quarterstaff       [Basic]
   polearms           [Unskilled]
   spear              [Unskilled]
   trident            [Unskilled]
   sling              [Unskilled]
   dart               [Unskilled]
   shuriken           [Unskilled]
 Spellcasting Skills
   attack spells      [Basic]
   healing spells     [Unskilled]
   divination spells  [Unskilled]
   enchantment spells [Basic]
   clerical spells    [Unskilled]
   escape spells      [Unskilled]
   matter spells      [Unskilled]

Voluntary challenges:
 Character rerolling was not enabled.
 You were an atheist.
 You never genocided any monsters.
 You never polymorphed an object.
 You never changed form.
 You used no wishes.
Achievements:
 You entered a shop.
 You entered the Gnomish Mines.

 The Dungeons of Doom: levels 1 to 2
    Level 1:
       A fountain.
    Level 2:
       A general store, a fountain.
       Stairs down to The Gnomish Mines.
 The Gnomish Mines:
    Level 3: <- You were here.
       Final resting place for
          you, killed by an acidic corpse.


Vanquished creatures:
  a kitten
  a green mold
  2 geckos
  4 jackals
  a goblin
  4 grid bugs
  2 lichens
  5 newts
20 creatures vanquished.

No species were genocided or became extinct.

Game over:
                       ----------
                      /          \
                     /    REST    \
                    /      IN      \
                   /     PEACE      \
                  /                  \
                  |       Koku       |
                  |      119 Au      |
                  |   killed by an   |
                  |  acidic corpse   |
                  |                  |
                  |                  |
                  |       2026       |
                 *|     *  *  *      | *
        _________)/\\_//(\/(/\)/\//\/|_)_______

Goodbye Koku the Wizard...

You died in The Gnomish Mines on dungeon level 3 with 344 points,
and 119 pieces of gold, after 996 moves.
You were level 2 with a maximum of 15 hit points when you died.

